General information
- name: BNet
- type: Ladder team game (AT/RT)
- host: Battle.net
- saver: DanteKamar
map: Battleground
- players: 8
- length: 106:33
- speed: Fast
- version: 1.21 W3XP
- replay type: Public
» download(623 KB)
Players
team 1 (winner)
BEAR_AND (
green | 63 APM | 6680 actions | 106:33)
6 Archmage
3 Blizzard
2 Brilliance Aura
1 Mass Teleport
6 Mountain King
3 Storm Bolt
2 Bash
1 Avatar
5 Paladin
2 Holy Light
3 Divine Shield
» actions
| Assign group hotkey | 19 | |
| Basic commands | 37 | |
| Build / train | 120 | |
| Enter build submenu | 90 | |
| Enter hero's abilities submenu | 19 | |
| Give item / drop item | 10 | |
| Remove unit from queue | 3 | |
| Right click | 3780 | |
| Select / deselect | 843 | |
| Select group hotkey | 1135 | |
| Use ability | 621 | |
6680 total
» units
| Peasant | 13 | |
| Flying Machine | 11 | |
24 total
» upgrades
| Masonry | 3 | |
| Lumber Harvesting | 2 | |
| Gunpowder | 1 | |
| Plating | 1 | |
| Flak Cannons | 1 | |
8 total
» buildings
| Altar of Kings | 1 | |
| Farm | 12 | |
| Lumber Mill | 5 | |
| Scout Tower | 117 | |
| Guard Tower | 47 | |
| Keep | 1 | |
| Arcane Vault | 3 | |
| Castle | 1 | |
| Town Hall | 2 | |
| Blacksmith | 2 | |
| Workshop | 2 | |
193 total
» build order
00:07 Altar of Kings
00:12 Farm
00:23 Lumber Mill
00:48 Farm
01:04 Scout Tower
01:05 Scout Tower
01:22 Scout Tower
01:45 Guard Tower
01:48 Scout Tower
02:07 Guard Tower
02:08 Scout Tower
02:18 Guard Tower
02:21 Scout Tower
02:39 Guard Tower
02:42 Scout Tower
02:57 Guard Tower
03:01 Scout Tower
03:16 Scout Tower
03:43 Guard Tower
03:45 Scout Tower
03:46 Scout Tower
04:01 Scout Tower
04:02 Scout Tower
04:38 Guard Tower
04:41 Scout Tower
04:42 Guard Tower
04:48 Scout Tower
04:49 Scout Tower
04:49 Scout Tower
05:53 Guard Tower
05:54 Guard Tower
06:07 Scout Tower
06:16 Keep
06:20 Guard Tower
06:24 Scout Tower
06:24 Scout Tower
06:53 Guard Tower
06:54 Scout Tower
06:55 Scout Tower
06:57 Scout Tower
06:57 Scout Tower
07:14 Guard Tower
07:38 Guard Tower
07:49 Scout Tower
07:50 Scout Tower
07:51 Scout Tower
07:52 Scout Tower
07:53 Scout Tower
07:54 Scout Tower
07:58 Farm
07:59 Farm
08:00 Farm
08:07 Guard Tower
08:31 Guard Tower
08:43 Guard Tower
09:01 Guard Tower
09:01 Guard Tower
09:07 Scout Tower
09:35 Scout Tower
09:36 Scout Tower
09:37 Scout Tower
09:37 Scout Tower
09:38 Scout Tower
09:38 Scout Tower
09:39 Scout Tower
09:51 Scout Tower
10:06 Guard Tower
10:18 Guard Tower
10:40 Guard Tower
10:42 Guard Tower
10:46 Arcane Vault
10:48 Arcane Vault
10:49 Guard Tower
10:49 Guard Tower
11:14 Castle
11:22 Scout Tower
11:23 Scout Tower
11:24 Scout Tower
11:25 Scout Tower
11:26 Scout Tower
11:27 Scout Tower
11:28 Scout Tower
11:30 Scout Tower
11:31 Scout Tower
11:31 Scout Tower
13:02 Guard Tower
13:15 Town Hall
13:20 Scout Tower
13:21 Scout Tower
13:22 Scout Tower
13:24 Scout Tower
13:25 Scout Tower
13:33 Scout Tower
13:35 Scout Tower
13:35 Scout Tower
13:37 Scout Tower
13:38 Scout Tower
13:39 Scout Tower
13:47 Farm
13:56 Guard Tower
14:08 Lumber Mill
14:22 Guard Tower
14:23 Guard Tower
17:16 Scout Tower
17:16 Scout Tower
17:17 Scout Tower
17:34 Scout Tower
17:35 Scout Tower
18:00 Guard Tower
18:02 Scout Tower
18:02 Scout Tower
18:03 Guard Tower
18:12 Guard Tower
18:17 Town Hall
18:29 Scout Tower
18:30 Scout Tower
18:31 Guard Tower
18:33 Scout Tower
18:34 Scout Tower
18:35 Scout Tower
19:18 Guard Tower
20:04 Scout Tower
20:05 Scout Tower
20:06 Scout Tower
20:06 Scout Tower
20:08 Scout Tower
20:09 Scout Tower
20:14 Scout Tower
20:41 Guard Tower
20:46 Scout Tower
20:47 Scout Tower
20:47 Scout Tower
21:16 Guard Tower
21:19 Scout Tower
21:20 Scout Tower
21:20 Guard Tower
21:31 Scout Tower
21:32 Scout Tower
21:33 Scout Tower
21:33 Scout Tower
21:33 Scout Tower
21:58 Guard Tower
22:19 Guard Tower
23:28 Scout Tower
23:28 Scout Tower
23:29 Scout Tower
23:29 Scout Tower
23:48 Blacksmith
23:52 Farm
23:55 Blacksmith
24:57 Workshop
24:58 Workshop
25:50 Arcane Vault
26:42 Farm
26:43 Farm
26:43 Farm
26:44 Farm
26:53 Farm
27:06 Lumber Mill
29:40 Scout Tower
29:41 Scout Tower
29:42 Scout Tower
29:43 Scout Tower
30:21 Guard Tower
31:25 Scout Tower
31:26 Scout Tower
31:26 Scout Tower
31:28 Scout Tower
31:29 Scout Tower
31:30 Scout Tower
31:30 Scout Tower
31:32 Scout Tower
31:52 Scout Tower
31:52 Scout Tower
31:53 Scout Tower
31:54 Scout Tower
31:54 Scout Tower
31:59 Guard Tower
46:31 Lumber Mill
60:04 Lumber Mill
60:33 Scout Tower
60:36 Scout Tower
60:37 Scout Tower
60:39 Scout Tower
60:40 Scout Tower
60:48 Scout Tower
61:11 Guard Tower
61:26 Guard Tower
62:03 Guard Tower
62:16 Guard Tower
62:33 Scout Tower
63:24 Guard Tower
63:36 Guard Tower
» items
| Staff of Sanctuary | 3 | |
| Scroll of Town Portal | 1 | |
| Lesser Clarity Potion | 2 | |
| Healing Salve | 3 | |
| Staff of Teleportation | 3 | |
| Mechanical Critter | 2 | |
14 total
DIRTMCGIRT (
teal | 49 APM | 2564 actions | 52:36)
6 Tauren Chieftain
3 Shockwave
2 Endurance Aura
1 Reincarnation
» actions
| Assign group hotkey | 5 | |
| Build / train | 59 | |
| ESC pressed | 3 | |
| Enter build submenu | 52 | |
| Enter hero's abilities submenu | 6 | |
| Give item / drop item | 12 | |
| Remove unit from queue | 2 | |
| Right click | 1832 | |
| Select / deselect | 417 | |
| Select group hotkey | 31 | |
| Use ability | 144 | |
2564 total
» units
| Peon | 23 | |
| Troll Batrider | 12 | |
| Ogre Mauler | 1 | |
| Forest Troll Shadow Priest | 1 | |
37 total
» buildings
| Altar of Storms | 3 | |
| Orc Burrow | 6 | |
| War Mill | 3 | |
| Watch Tower | 21 | |
| Stronghold | 3 | |
| Great Hall | 5 | |
| Voodoo Lounge | 3 | |
| Beastiary | 2 | |
| Fortress | 1 | |
47 total
» build order
00:10 Altar of Storms
00:17 Altar of Storms
00:20 Orc Burrow
00:43 War Mill
01:57 Watch Tower
02:25 Watch Tower
02:29 Watch Tower
02:36 Watch Tower
02:40 Watch Tower
03:31 Watch Tower
03:45 Watch Tower
03:50 Watch Tower
04:24 Stronghold
04:36 Watch Tower
04:52 Watch Tower
04:58 Watch Tower
05:07 Watch Tower
05:17 Stronghold
05:45 Watch Tower
06:14 Watch Tower
06:18 Watch Tower
07:10 Watch Tower
07:33 Great Hall
07:42 Watch Tower
07:59 Watch Tower
08:47 Great Hall
08:57 Watch Tower
09:35 Great Hall
10:02 Watch Tower
13:19 Great Hall
13:51 Voodoo Lounge
14:17 War Mill
15:39 Watch Tower
16:26 Orc Burrow
17:52 Great Hall
22:09 Orc Burrow
23:34 Stronghold
26:35 War Mill
26:40 Beastiary
26:44 Beastiary
26:48 Orc Burrow
28:30 Orc Burrow
30:09 Altar of Storms
33:32 Fortress
34:21 Orc Burrow
37:51 Voodoo Lounge
37:57 Voodoo Lounge
» items
| Healing Salve | 2 | |
| Lesser Clarity Potion | 2 | |
| Orb of Lightning | 1 | |
| Scroll of Town Portal | 1 | |
| Staff of Teleportation | 1 | |
| Potion of Invisibility | 1 | |
| Boots of Speed | 1 | |
9 total

»
dirtmcwordup (
yellow | 52 APM | 5591 actions | 106:33)
6 Archmage
3 Blizzard
2 Brilliance Aura
1 Mass Teleport
4 Blood Mage
2 Flame Strike
2 Siphon Mana
1 Paladin
1 Holy Light
» actions
| Assign group hotkey | 24 | |
| Basic commands | 114 | |
| Build / train | 135 | |
| ESC pressed | 8 | |
| Enter build submenu | 96 | |
| Enter hero's abilities submenu | 12 | |
| Give item / drop item | 6 | |
| Right click | 2697 | |
| Select / deselect | 613 | |
| Select group hotkey | 1323 | |
| Use ability | 563 | |
5591 total
» units
| Peasant | 31 | |
| Dragonhawk Rider | 17 | |
48 total
» upgrades
| Masonry | 3 | |
| Armor | 3 | |
| Cloud | 1 | |
| Animal War Training | 1 | |
| Swords | 3 | |
| Magic Sentry | 1 | |
12 total
» buildings
| Altar of Kings | 2 | |
| Lumber Mill | 2 | |
| Scout Tower | 128 | |
| Farm | 20 | |
| Arcane Tower | 3 | |
| Guard Tower | 47 | |
| Town Hall | 2 | |
| Keep | 1 | |
| Blacksmith | 1 | |
| Gryphon Aviary | 3 | |
| Arcane Vault | 1 | |
| Barracks | 1 | |
| Castle | 1 | |
| Arcane Sanctum | 1 | |
213 total
» build order
00:09 Altar of Kings
00:13 Lumber Mill
00:26 Scout Tower
00:31 Farm
00:55 Arcane Tower
01:28 Scout Tower
01:55 Scout Tower
01:56 Guard Tower
02:01 Farm
02:23 Guard Tower
02:25 Scout Tower
02:35 Scout Tower
02:55 Guard Tower
02:57 Scout Tower
03:03 Guard Tower
03:06 Scout Tower
03:27 Scout Tower
03:28 Guard Tower
03:37 Scout Tower
03:46 Guard Tower
03:49 Scout Tower
04:04 Guard Tower
04:09 Scout Tower
05:18 Scout Tower
05:19 Guard Tower
05:20 Guard Tower
05:23 Scout Tower
05:24 Scout Tower
05:25 Scout Tower
05:25 Scout Tower
06:01 Guard Tower
06:02 Scout Tower
06:34 Scout Tower
06:35 Guard Tower
06:56 Scout Tower
06:57 Scout Tower
06:58 Scout Tower
07:00 Scout Tower
07:01 Scout Tower
07:02 Guard Tower
07:50 Guard Tower
07:58 Guard Tower
08:19 Guard Tower
08:48 Lumber Mill
08:50 Arcane Tower
10:18 Farm
10:19 Guard Tower
10:48 Town Hall
12:19 Altar of Kings
12:23 Scout Tower
13:17 Town Hall
17:43 Scout Tower
17:44 Scout Tower
17:44 Scout Tower
17:46 Scout Tower
17:47 Scout Tower
17:47 Scout Tower
17:48 Scout Tower
17:50 Scout Tower
17:51 Scout Tower
17:51 Scout Tower
18:11 Guard Tower
18:33 Scout Tower
18:33 Scout Tower
18:35 Scout Tower
18:35 Scout Tower
18:36 Scout Tower
18:50 Guard Tower
19:06 Guard Tower
19:21 Guard Tower
19:26 Scout Tower
19:27 Scout Tower
19:27 Scout Tower
19:28 Scout Tower
19:29 Scout Tower
19:29 Scout Tower
19:30 Scout Tower
19:31 Scout Tower
19:32 Scout Tower
19:33 Scout Tower
20:08 Guard Tower
20:13 Scout Tower
20:14 Scout Tower
20:14 Scout Tower
20:15 Scout Tower
20:16 Scout Tower
20:16 Scout Tower
20:17 Scout Tower
20:18 Scout Tower
20:55 Guard Tower
20:56 Guard Tower
21:03 Guard Tower
21:25 Keep
21:27 Guard Tower
21:36 Guard Tower
21:50 Scout Tower
21:50 Scout Tower
21:53 Scout Tower
21:54 Scout Tower
21:55 Scout Tower
21:56 Scout Tower
21:58 Scout Tower
21:59 Scout Tower
22:02 Guard Tower
22:12 Guard Tower
23:34 Blacksmith
23:40 Guard Tower
24:05 Farm
24:06 Farm
24:06 Farm
24:08 Farm
24:08 Farm
24:09 Farm
24:16 Guard Tower
25:27 Scout Tower
25:28 Scout Tower
25:29 Scout Tower
25:30 Scout Tower
25:31 Scout Tower
25:32 Scout Tower
25:33 Scout Tower
25:35 Scout Tower
25:35 Scout Tower
25:56 Scout Tower
25:57 Scout Tower
25:58 Scout Tower
25:59 Scout Tower
25:59 Scout Tower
26:00 Scout Tower
26:28 Gryphon Aviary
26:29 Gryphon Aviary
26:31 Gryphon Aviary
26:34 Arcane Vault
26:47 Barracks
26:49 Castle
27:20 Guard Tower
27:30 Guard Tower
28:13 Scout Tower
29:27 Guard Tower
29:29 Scout Tower
29:35 Scout Tower
29:39 Scout Tower
29:41 Scout Tower
29:42 Scout Tower
29:43 Scout Tower
30:13 Guard Tower
30:25 Scout Tower
30:26 Scout Tower
30:27 Scout Tower
30:28 Scout Tower
30:34 Scout Tower
30:35 Scout Tower
30:37 Scout Tower
30:37 Scout Tower
30:38 Scout Tower
30:38 Scout Tower
30:52 Scout Tower
31:31 Scout Tower
31:32 Scout Tower
31:33 Scout Tower
31:33 Scout Tower
31:34 Scout Tower
31:35 Scout Tower
32:15 Guard Tower
32:18 Guard Tower
33:02 Guard Tower
35:01 Arcane Sanctum
35:28 Farm
35:29 Farm
35:30 Farm
35:30 Farm
35:36 Farm
35:37 Farm
35:38 Farm
36:57 Farm
39:34 Scout Tower
39:36 Scout Tower
40:00 Farm
40:15 Guard Tower
40:18 Scout Tower
40:19 Scout Tower
41:01 Guard Tower
41:05 Scout Tower
41:05 Scout Tower
41:50 Guard Tower
42:50 Scout Tower
42:51 Scout Tower
42:51 Scout Tower
42:53 Scout Tower
43:58 Guard Tower
44:32 Scout Tower
44:33 Scout Tower
45:16 Guard Tower
45:18 Scout Tower
45:19 Scout Tower
45:49 Guard Tower
46:49 Scout Tower
46:49 Scout Tower
46:55 Scout Tower
47:01 Scout Tower
47:02 Scout Tower
47:09 Scout Tower
47:10 Scout Tower
47:12 Scout Tower
47:22 Guard Tower
47:24 Guard Tower
48:26 Guard Tower
49:07 Guard Tower
58:34 Farm
67:05 Scout Tower
67:09 Scout Tower
67:41 Arcane Tower
74:40 Farm
» items
| Staff of Teleportation | 2 | |
| Boots of Speed | 2 | |
| Scroll of Regeneration | 1 | |
| Staff of Sanctuary | 2 | |
| Scroll of Town Portal | 1 | |
| Orb of Lightning | 2 | |
10 total
mata. (
pink | 96 APM | 10192 actions | 106:33)
9 Warden
3 Shadow Strike
3 Fan of Knives
2 Blink
1 Spirit of Vengeance
1 Tauren Chieftain
1 Endurance Aura
» actions
| Assign group hotkey | 1386 | |
| Basic commands | 8 | |
| Build / train | 129 | |
| ESC pressed | 11 | |
| Enter build submenu | 33 | |
| Enter hero's abilities submenu | 9 | |
| Give item / drop item | 2 | |
| Remove unit from queue | 6 | |
| Right click | 6608 | |
| Select / deselect | 972 | |
| Select group hotkey | 133 | |
| Use ability | 895 | |
10192 total
» units
| Wisp | 41 | |
| Hippogryph | 15 | |
| Druid of the Talon | 6 | |
62 total
» upgrades
| Nature's Blessing | 1 | |
| Druid of the Talon Training | 1 | |
| Strength of the Wild | 2 | |
| Reinforced Hides | 2 | |
| Ultravision | 1 | |
7 total
» buildings
| Altar of Elders | 4 | |
| Moon Well | 9 | |
| Ancient of War | 1 | |
| Tree of Ages | 6 | |
| Tree of Life | 3 | |
| Ancient of Wind | 7 | |
| Hunter's Hall | 1 | |
| Tree of Eternity | 2 | |
33 total
» build order
00:06 Altar of Elders
00:17 Moon Well
01:01 Ancient of War
01:43 Moon Well
08:31 Moon Well
08:32 Moon Well
08:32 Moon Well
09:11 Tree of Ages
09:11 Tree of Ages
11:02 Moon Well
11:03 Moon Well
11:04 Moon Well
13:30 Tree of Life
13:44 Ancient of Wind
13:44 Ancient of Wind
17:46 Tree of Life
21:09 Tree of Life
21:55 Ancient of Wind
21:55 Ancient of Wind
24:18 Tree of Ages
24:18 Tree of Ages
25:29 Altar of Elders
26:46 Ancient of Wind
35:53 Ancient of Wind
35:54 Hunter's Hall
38:47 Tree of Eternity
38:47 Tree of Eternity
42:05 Ancient of Wind
88:42 Moon Well
89:41 Altar of Elders
89:45 Altar of Elders
» items
| Potion of Healing | 3 | |
| Potion of Mana | 2 | |
| Lesser Clarity Potion | 1 | |
| Scroll of Town Portal | 1 | |
| Staff of Teleportation | 1 | |
| Boots of Speed | 1 | |
| Orb of Fire | 1 | |
| Tome of Retraining | 1 | |
| Potion of Invisibility | 1 | |
| Orb of Lightning | 1 | |
| Tiny Great Hall | 1 | |
14 total
team 2 (loser)
DanteKamar (
red | 29 APM | 3127 actions | 106:33)
6 Crypt Lord
2 Carrion Beetles
1 Spiked Carapace
2 Impale
1 Locust Swarm
7 Lich
3 Frost Nova
2 Frost Armor
1 Death and Decay
1 Dark Ritual
» actions
| Assign group hotkey | 60 | |
| Basic commands | 168 | |
| Build / train | 93 | |
| ESC pressed | 7 | |
| Enter build submenu | 28 | |
| Enter hero's abilities submenu | 13 | |
| Right click | 1103 | |
| Select / deselect | 686 | |
| Select group hotkey | 772 | |
| Use ability | 196 | |
3127 total
» units
| Acolyte | 9 | |
| Ghoul | 15 | |
| Meatwagon | 7 | |
| Crypt Fiend | 10 | |
| Obsidian Statue | 3 | |
| Frost Wyrm | 9 | |
53 total
» upgrades
| Cannibalize | 1 | |
| Web | 1 | |
| Creature Attack | 3 | |
| Disease Cloud | 1 | |
| Freezing Breath | 1 | |
| Unholy Strength | 3 | |
| Burrow | 1 | |
11 total
» buildings
| Crypt | 3 | |
| Altar of Darkness | 1 | |
| Ziggurat | 12 | |
| Tomb of Relics | 1 | |
| Halls of the Dead | 1 | |
| Graveyard | 1 | |
| Slaughterhouse | 2 | |
| Black Citadel | 1 | |
| Sacrificial Pit | 1 | |
| Spirit Tower | 1 | |
| Necropolis | 1 | |
| Boneyard | 1 | |
| Nerubian Tower | 6 | |
32 total
» build order
00:15 Crypt
00:22 Crypt
00:27 Altar of Darkness
00:37 Ziggurat
01:14 Ziggurat
01:19 Tomb of Relics
02:08 Ziggurat
03:43 Crypt
05:09 Halls of the Dead
06:30 Graveyard
08:14 Slaughterhouse
08:47 Slaughterhouse
08:53 Ziggurat
11:50 Ziggurat
17:16 Black Citadel
18:24 Sacrificial Pit
18:43 Ziggurat
18:44 Spirit Tower
22:41 Necropolis
25:01 Boneyard
26:47 Ziggurat
26:50 Ziggurat
27:44 Nerubian Tower
27:45 Nerubian Tower
28:49 Ziggurat
37:11 Ziggurat
41:42 Nerubian Tower
41:45 Ziggurat
44:50 Nerubian Tower
44:56 Ziggurat
44:57 Nerubian Tower
52:04 Nerubian Tower
» items
| Rod of Necromancy | 1 | |
| Potion of Healing | 1 | |
| Potion of Mana | 1 | |
| Scroll of Town Portal | 2 | |
5 total
God_of_Death_66 (
blue | 28 APM | 921 actions | 32:43)
5 Shadow Hunter
1 Serpent Ward
2 Healing Wave
2 Hex
» actions
| Basic commands | 4 | |
| Build / train | 48 | |
| Enter build submenu | 18 | |
| Enter hero's abilities submenu | 5 | |
| Remove unit from queue | 2 | |
| Right click | 523 | |
| Select / deselect | 244 | |
| Use ability | 77 | |
921 total
» units
| Peon | 9 | |
| Grunt | 4 | |
| Troll Witch Doctor | 3 | |
| Spirit Walker | 3 | |
| Tauren | 4 | |
| Demolisher | 7 | |
30 total
» upgrades
| Witch Doctor Training | 2 | |
| Spirit Walker Training | 2 | |
| Pulverize | 1 | |
| Burning Oil | 1 | |
| Ranged Weapons | 2 | |
8 total
» buildings
| Altar of Storms | 1 | |
| Orc Burrow | 7 | |
| Barracks | 2 | |
| Stronghold | 1 | |
| War Mill | 1 | |
| Fortress | 1 | |
| Spirit Lodge | 2 | |
| Tauren Totem | 2 | |
| Voodoo Lounge | 1 | |
18 total
» build order
00:15 Altar of Storms
00:18 Orc Burrow
01:27 Barracks
02:20 Orc Burrow
03:06 Orc Burrow
04:16 Stronghold
06:19 Orc Burrow
06:23 War Mill
06:49 Fortress
06:54 Spirit Lodge
07:01 Spirit Lodge
10:05 Tauren Totem
10:09 Tauren Totem
11:01 Orc Burrow
16:29 Orc Burrow
16:33 Orc Burrow
20:35 Barracks
26:58 Voodoo Lounge
hulaga (
orange | 36 APM | 3889 actions | 106:33)
5 Keeper of the Grove
2 Force of Nature
2 Entangling Roots
1 Tranquility
1 Shadow Hunter
1 Healing Wave
1 Priestess of the Moon
1 Scout
» actions
| Assign group hotkey | 4 | |
| Basic commands | 16 | |
| Build / train | 160 | |
| Enter build submenu | 22 | |
| Enter hero's abilities submenu | 8 | |
| Remove unit from queue | 8 | |
| Right click | 2333 | |
| Select / deselect | 1081 | |
| Select group hotkey | 10 | |
| Use ability | 247 | |
3889 total
» units
| Wisp | 34 | |
| Huntress | 8 | |
| Druid of the Claw | 8 | |
| Hippogryph | 38 | |
| Glaive Thrower | 11 | |
| Faerie Dragon | 4 | |
| Dryad | 3 | |
106 total
» upgrades
| Moon Armor | 3 | |
| Druid of the Claw Training | 2 | |
| Reinforced Hides | 3 | |
| Strength of the Wild | 3 | |
| Mark of the Claw | 1 | |
| Marksmanship | 1 | |
| Improved Bows | 1 | |
| Well Spring | 1 | |
| Nature's Blessing | 1 | |
| Vorpal Blades | 1 | |
| Strength of the Moon | 3 | |
| Ultravision | 1 | |
| Sentinel | 1 | |
| Abolish Magic | 1 | |
| Hippogryph Taming | 1 | |
| Druid of the Talon Training | 2 | |
| Upgrade Moon Glaive | 1 | |
| Corrosive Breath | 1 | |
| Mark of the Talon | 1 | |
| Hardened Skin | 1 | |
| Resistant Skin | 1 | |
| Backpack | 1 | |
32 total
» buildings
| Altar of Elders | 1 | |
| Moon Well | 5 | |
| Hunter's Hall | 1 | |
| Ancient of War | 2 | |
| Tree of Ages | 1 | |
| Ancient of Lore | 2 | |
| Tree of Eternity | 1 | |
| Tree of Life | 3 | |
| Ancient of Wind | 2 | |
| Chimaera Roost | 1 | |
| Ancient of Wonders | 1 | |
| Ancient Protector | 3 | |
23 total
» build order
00:12 Altar of Elders
00:16 Moon Well
01:42 Hunter's Hall
01:48 Ancient of War
01:59 Moon Well
03:02 Ancient of War
03:35 Moon Well
06:19 Tree of Ages
07:31 Moon Well
09:09 Ancient of Lore
09:19 Ancient of Lore
09:53 Tree of Eternity
10:56 Moon Well
17:04 Tree of Life
18:34 Ancient of Wind
25:56 Tree of Life
31:19 Ancient of Wind
44:02 Chimaera Roost
44:20 Tree of Life
44:52 Ancient of Wonders
83:56 Ancient Protector
84:00 Ancient Protector
84:06 Ancient Protector
» items
| Orb of Venom | 1 | |
| Moonstone | 1 | |
| Scroll of Town Portal | 1 | |
3 total
Turtle91 (
purple | 29 APM | 3088 actions | 106:33)
4 Dark Ranger
2 Black Arrow
1 Life Drain
1 Silence
2 Keeper of the Grove
1 Entangling Roots
1 Thorns Aura
1 Shadow Hunter
1 Big Bad Voodoo
» actions
| Assign group hotkey | 4 | |
| Basic commands | 83 | |
| Build / train | 61 | |
| ESC pressed | 1 | |
| Enter build submenu | 34 | |
| Enter hero's abilities submenu | 7 | |
| Right click | 1434 | |
| Select / deselect | 1231 | |
| Select group hotkey | 68 | |
| Use ability | 163 | |
3088 total
» units
| Wisp | 10 | |
| Archer | 9 | |
| Chimaera | 16 | |
| Hippogryph | 3 | |
| Troll Headhunter/Berserker | 6 | |
| Demolisher | 1 | |
45 total
» upgrades
| Strength of the Moon | 1 | |
| Strength of the Wild | 2 | |
| Corrosive Breath | 1 | |
| Berserker Upgrade | 1 | |
5 total
» buildings
| Altar of Elders | 1 | |
| Moon Well | 8 | |
| Ancient of War | 3 | |
| Tree of Ages | 1 | |
| Hunter's Hall | 1 | |
| Tree of Eternity | 2 | |
| Ancient of Wind | 1 | |
| Chimaera Roost | 5 | |
| Ancient Protector | 4 | |
| Watch Tower | 7 | |
33 total
» build order
00:15 Altar of Elders
00:20 Moon Well
00:37 Ancient of War
00:41 Ancient of War
01:47 Moon Well
05:56 Tree of Ages
06:00 Ancient of War
06:04 Hunter's Hall
08:38 Tree of Eternity
08:39 Tree of Eternity
08:42 Ancient of Wind
09:26 Moon Well
09:28 Moon Well
09:31 Moon Well
11:09 Chimaera Roost
11:15 Chimaera Roost
11:17 Chimaera Roost
11:20 Chimaera Roost
12:50 Chimaera Roost
15:22 Moon Well
15:25 Moon Well
16:45 Moon Well
32:47 Ancient Protector
32:57 Ancient Protector
33:03 Ancient Protector
33:10 Ancient Protector
34:42 Watch Tower
34:45 Watch Tower
35:52 Watch Tower
35:55 Watch Tower
36:59 Watch Tower
37:08 Watch Tower
42:29 Watch Tower
Chat log
(00:04 / All) DIRTMCGIRT: gl hf
(00:04 / All) DanteKamar: you too.
(00:04 / All) DIRTMCGIRT: is he gonna drop?
(00:06 / All) Turtle91: u2...
(00:39 / Allies) God_of_Death_66: wookie armor ftw
(00:42 / Allies) hulaga: DANTE Its ur bday
(00:43 / Allies) hulaga: ?
(00:47 / Allies) DanteKamar: level 8 is only 1 win.
(00:49 / Allies) DanteKamar: Yes.
(00:55 / Allies) hulaga: HAPPY birthday
(00:58 / Allies) DanteKamar: Thanks.
(01:06 / Allies) Turtle91: ?
(01:08 / Allies) God_of_Death_66: sing your soung
(01:13 / Allies) Turtle91: Hail TUrtle!
(01:15 / Allies) Turtle91: Hail Victory!
(01:17 / Allies) God_of_Death_66: no all
(01:19 / Allies) God_of_Death_66: u moron
(01:23 / Allies) Turtle91: no
(01:39 / Allies) Turtle91: i don't want ppl copying my song
(02:09 / Allies) God_of_Death_66: ok frist hey have to tack u on a serous note who in the right mind would do that
(02:21 / Allies) hulaga: wpw
(02:22 / Allies) Turtle91: i would
(02:24 / Allies) hulaga: god i am a noob
(02:27 / Allies) God_of_Death_66: meet
(02:35 / Allies) Turtle91: ahahha
(02:40 / Allies) Turtle91: summon the trees
(02:42 / Allies) God_of_Death_66: tower rush
(03:01 / Allies) Turtle91: just go around them
(03:09 / Allies) DanteKamar: look at that shit
(03:52 / Allies) Turtle91: god guard ur base
(04:08 / Allies) Turtle91: get yellow now
(04:12 / Allies) hulaga: stn
(04:13 / Allies) hulaga: stun
(04:20 / Allies) hulaga: lbue
(04:37 / Allies) Turtle91: dante go around the towers
(04:56 / Allies) Turtle91: damn lag
(04:57 / Allies) hulaga: oh wtf
(05:40 / Allies) Turtle91: am
(05:40 / Allies) Turtle91: am
(07:12 / Allies) Turtle91: stay near
(07:16 / Allies) Turtle91: day in 2 seconds
(07:38 / Allies) hulaga: wtf is ellow doing
(07:55 / Allies) Turtle91: noobing it up
(07:56 / Allies) DanteKamar: Yellow is hurting bad
(08:13 / Allies) Turtle91: kill him then move on
(08:19 / Allies) hulaga: they all tower
(08:20 / Allies) hulaga: wtf
(08:22 / Allies) Turtle91: just go around them
(08:36 / Allies) Turtle91: getting chims..
(08:37 / Allies) hulaga: wow wtf
(08:37 / Allies) hulaga: lol
(09:51 / Allies) hulaga: their stargery is very weird
(10:13 / Allies) God_of_Death_66: its called tower rushing
(10:17 / Allies) Turtle91: no
(10:23 / Allies) Turtle91: its called mass tower defence
(10:28 / Allies) Turtle91: they eventually entower all expos
(10:38 / Allies) Turtle91: and sufficate us
(10:54 / Allies) Turtle91: just go around the towers
(11:28 / Allies) hulaga: lol wow
(11:30 / Allies) Turtle91: kill them
(12:18 / Allies) Turtle91: am
(12:52 / Allies) Turtle91: lol
(12:53 / Allies) DanteKamar: nice
(13:04 / Allies) hulaga: fuckers
(13:05 / Allies) Turtle91: get web
(13:10 / Allies) Turtle91: no
(13:11 / Allies) Turtle91: no
(13:15 / Allies) Turtle91: get web dante,
(13:18 / Allies) DanteKamar: on it
(13:20 / Allies) Turtle91: don't mass siege guys
(13:40 / Allies) hulaga: i can cut
(13:43 / Allies) hulaga: trhew the trees
(13:45 / Allies) Turtle91: TARGEt dante
(13:47 / Allies) God_of_Death_66: got healing
(13:57 / Allies) hulaga: bears coming
(13:58 / Allies) Turtle91: i need woog guys
(14:09 / Allies) Turtle91: need wood
(14:28 / Allies) Turtle91: i need wood bad
(14:41 / Allies) Turtle91: thx
(14:52 / Allies) Turtle91: alright we've got this guys
(15:02 / Allies) Turtle91: somoene get air, that can kill other air
(15:07 / Allies) Turtle91: GOD BAD
(15:09 / Allies) Turtle91: BACK
(15:20 / Allies) hulaga: wow wtf
(15:24 / Allies) hulaga: b
(15:30 / Allies) Turtle91: GET ABACK
(15:31 / Allies) God_of_Death_66: wow wtf
(15:41 / Allies) Turtle91: u can't win like that
(15:46 / Allies) God_of_Death_66: ok i have no clue what happend
(15:52 / Allies) Turtle91: they are luring
(15:53 / Allies) God_of_Death_66: i looked intomy base
(15:54 / Allies) Turtle91: ur heros
(15:56 / Allies) God_of_Death_66: and boom
(16:02 / Allies) Turtle91: BACK HLUAGA
(16:03 / Allies) Turtle91: BACK
(16:11 / Allies) hulaga: fuck
(16:13 / Allies) hulaga: was
(16:53 / Allies) hulaga: can i have
(16:59 / Allies) DanteKamar: yes
(17:19 / Allies) Turtle91: DANTE GET GARGS
(17:35 / Allies) hulaga: guys
(17:38 / Allies) hulaga: i can cut
(17:40 / Allies) hulaga: threw the trees
(17:41 / Allies) Turtle91: no
(17:44 / Allies) Turtle91: get hipps hulaga
(17:56 / Allies) God_of_Death_66: yea hex on the heros
(17:57 / Allies) Turtle91: dante keep getting fiends
(18:03 / Allies) Turtle91: i can't get my chims in if they are killing them
(18:04 / Allies) DanteKamar: don't take exp book now.
(18:10 / Allies) DanteKamar: damn uit
(18:27 / Allies) Turtle91: i need help guys
(18:34 / Allies) Turtle91: i need somethign 2 stop hipps from killing me
(18:50 / Allies) hulaga: gusy i am attakcing
(18:53 / Allies) Turtle91: no
(19:06 / Allies) Turtle91: hulaga get hipps and help me
(19:16 / Allies) hulaga: i am
(19:25 / Allies) Turtle91: lots of hipps please
(19:32 / Allies) Turtle91: everyone else, counter tower the middle
(19:34 / Allies) hulaga: just hupps?
(19:44 / Allies) Turtle91: yeah, no ridders
(19:48 / Allies) Turtle91: cover my chims
(20:00 / Allies) hulaga: hippos coming
(20:30 / Allies) Turtle91: see
(20:41 / Allies) God_of_Death_66: getting pults
(21:03 / Allies) Turtle91: i can kill pink if u guys cover me
(21:08 / Allies) hulaga: with what units
(21:12 / Allies) Turtle91: HIPPS
(21:16 / Allies) hulaga: I AM MAKING THEM
(21:19 / Allies) Turtle91: so they can't take my chims out
(21:59 / Allies) hulaga: dude u got hippos
(22:01 / Allies) hulaga: just get chimes
(22:15 / Allies) Turtle91: follow me hluaga
(22:19 / Allies) hulaga: wait
(22:23 / Allies) hulaga: i only have 3 hiippos
(22:25 / Allies) hulaga: they have 6
(22:39 / Allies) Turtle91: i have 3 lets go
(23:59 / Allies) hulaga: u see
(24:02 / Allies) hulaga: i should of attacked b4
(24:28 / Allies) God_of_Death_66: dude
(24:37 / Allies) God_of_Death_66: god fuckng damnit
(24:54 / Allies) hulaga: what
(25:52 / Allies) Turtle91: hold hte middle guys
(25:54 / Allies) God_of_Death_66: killed the am
(25:58 / Allies) Turtle91: at all costs
(26:03 / Allies) hulaga: i am defeidning
(26:07 / Allies) DanteKamar: Do you guys have AOE heros?
(26:16 / Allies) God_of_Death_66: yes
(26:20 / Allies) DanteKamar: Need shockwave
(26:25 / Allies) God_of_Death_66: everyone but the mk
(27:07 / Allies) Turtle91: god expo or i'll take it
(27:09 / Allies) DanteKamar: can't reack.
(27:18 / Allies) Turtle91: oh, nvm then
(27:43 / Allies) hulaga: teal
(27:57 / Allies) Turtle91: HULAG
(28:17 / Allies) Turtle91: stay with ur hipps
(28:49 / Allies) hulaga: jesus
(29:22 / Allies) hulaga: omw blue
(29:35 / All) DIRTMCGIRT: DAMN
(29:36 / Allies) God_of_Death_66: what
(29:40 / Allies) God_of_Death_66: i killed 2 heros
(29:43 / Allies) God_of_Death_66: get off my back
(29:50 / Allies) Turtle91: take it hulaga
(29:52 / Allies) Turtle91: Hulaga
(29:53 / Allies) hulaga: i did
(29:55 / Allies) Turtle91: TAKE OUT THE TOWERS
(30:34 / Allies) Turtle91: Gj god
(30:39 / Allies) Turtle91: kill that tree
(30:53 / Allies) hulaga: ffs
(31:13 / Allies) Turtle91: dante save left side
(31:40 / Allies) Turtle91: dante where areu ?
(31:47 / Allies) Turtle91: don't let them tower it
(31:49 / Allies) DanteKamar: be more specific, that isn't left
(31:52 / Allies) God_of_Death_66: way to go we lost
(31:59 / Allies) Turtle91: kill them all
(32:01 / Allies) God_of_Death_66: u took way to long to do nothing
(32:22 / Allies) Turtle91: don't let the mtower it
(32:30 / Allies) Turtle91: web
(32:31 / Allies) Turtle91: web
(32:50 / Allies) hulaga: why
(33:20 / Allies) Turtle91: kill the mine
(33:42 / Allies) hulaga: make blue make towrs
(33:45 / Allies) Turtle91: am
(34:11 / Allies) Turtle91: he has 2k
(35:03 / Allies) hulaga: if we had starfall..
(35:04 / Allies) hulaga: nvm
(35:22 / Allies) hulaga: i got billons of hoppos now
(35:40 / Allies) Turtle91: i'm cutting down the trees
(35:47 / Allies) hulaga: where do u want me to cut
(36:14 / Allies) DanteKamar: If I had death and decay
(36:19 / Allies) Turtle91: this is why i don't play with god
(36:22 / Allies) hulaga: Trutle
(36:22 / Allies) Turtle91: hes such a noob
(36:26 / Allies) hulaga: i am cutting
(36:40 / Allies) hulaga: come
(36:43 / Allies) Turtle91: cut through
(36:50 / Allies) hulaga: MW
(36:58 / Allies) hulaga: omw
(37:48 / Allies) Turtle91: cover my tree plz orange
(38:03 / Allies) Turtle91: share unit control
(38:28 / Allies) Turtle91: thx
(39:16 / Allies) Turtle91: red bring units down here
(39:20 / Allies) DanteKamar: move arbolist
(39:56 / Allies) DanteKamar: Don't take book here
(40:54 / Allies) hulaga: turlte take the mine
(41:20 / Allies) hulaga: errr what happened to my birds
(41:23 / Allies) Turtle91: batts
(41:55 / Allies) hulaga: why did god leave
(41:58 / All) BEAR_AND: turtle91
(42:03 / Allies) Turtle91: cause hes a noob, better with him gone
(42:05 / All) BEAR_AND: is that cause u got a tattoo of a turtle on ur ass
(42:06 / All) Turtle91: yes?
(42:12 / All) dirtmcwordup: LMFAO
(42:15 / Allies) Turtle91: nah, but that would be funny as hell
(43:39 / Allies) Turtle91: gods got 2 k what should i get with him?Hh?
(44:11 / Allies) Turtle91: expo there as soon as possible
(44:41 / Allies) hulaga: this game was so fucken annoying
(45:05 / Allies) hulaga: i thin
(45:11 / Allies) hulaga: i am going to get 100% tech
(46:37 / All) hulaga: the great wall of china has fallen
(46:40 / Allies) Turtle91: Phew, me and man-spider and some others lost 2 this strategy once before, i won't lose 2 it again
(46:42 / All) BEAR_AND: yea, shit
(46:56 / Allies) DanteKamar: Mass siege seemed to help alot
(46:59 / All) Turtle91: yeah good game guys
(47:34 / Allies) Turtle91: guys, i have a strange feeling... get Air
(47:37 / Allies) hulaga: 200% yess
(47:40 / Allies) Turtle91: dante keep getting fiends
(47:48 / Allies) hulaga: 100% tech
(48:13 / Allies) Turtle91: teal is running his hero around there
(48:42 / Allies) hulaga: how do u lose to this stargery
(48:47 / Allies) Turtle91: you cna
(48:52 / Allies) Turtle91: they tower everything
(48:57 / Allies) Turtle91: like say, EXPOS
(49:05 / Allies) Turtle91: and sufficate you and eventually they all have a ton of money
(49:14 / Allies) Turtle91: its easy
(49:16 / Allies) Turtle91: we almost lost
(49:29 / Allies) hulaga: well who do u think will have highest score
(49:37 / Allies) Turtle91: one of them
(49:43 / Allies) hulaga: really?
(49:51 / Allies) Turtle91: most buildings built
(49:57 / Allies) Turtle91: 2 heros each
(50:17 / Allies) hulaga: they are plotting something
(50:25 / Allies) Turtle91: i've been thinking that
(50:28 / All) mata.: dam... gg
(50:31 / All) mata.: noob ally
(50:37 / All) DanteKamar: Who? Yellow?
(50:39 / All) BEAR_AND: fuck u scott
(50:48 / All) Turtle91: guys, did you just forget boots of speed on ur heros?
(50:48 / All) mata.: ya yellow and green.... .xx
(50:49 / All) DIRTMCGIRT: U GOT ME
(50:57 / All) BEAR_AND: wtf
(51:07 / All) DIRTMCGIRT: HAHA NOPE
(51:21 / All) BEAR_AND: plzzzz i need this win
(51:23 / All) BEAR_AND: plzzzzzz
(51:26 / All) BEAR_AND: can i pay u ti quit
(51:32 / All) DanteKamar: there is always next game
(51:39 / All) BEAR_AND: plzzzz i pay u $5 each
(51:46 / All) BEAR_AND: have paypal?
(51:52 / All) hulaga: on this game, i will not waste it
(51:53 / All) BEAR_AND: $10 hr that is good
(51:56 / All) DanteKamar: Well, if you can get it to me withing 5 minutes
(52:04 / All) BEAR_AND: what is yuor paypal address
(52:06 / Allies) Turtle91: dante shut up lol
(52:19 / All) DanteKamar: I don't have Paypal, You'll have to mail me a check.
(52:26 / All) BEAR_AND: damn......
(52:29 / All) BEAR_AND: where do you live
(52:36 / All) dirtmcwordup: ahhhhhhhhhhhhhhhhhhhhhhhhhhhhhhhhhhrrrrrgh
(52:53 / Allies) Turtle91: hulaga how many hipps do u have
(52:58 / Allies) hulaga: 0
(53:03 / Allies) Turtle91: get some..
(53:07 / Allies) hulaga: err..
(53:08 / Allies) hulaga: whgy
(53:18 / Allies) Turtle91: they are plotting something adn we need air 2 find them
(53:36 / Allies) hulaga: if we kill all their bulings
(53:36 / Allies) hulaga: gg
(53:42 / Allies) Turtle91: thats my point
(53:44 / Allies) Turtle91: they are hiding buildings
(53:47 / Allies) hulaga: ah
(53:48 / Allies) hulaga: smart
(54:11 / Allies) Turtle91: get air 2 search for them
(54:13 / Allies) hulaga: i think galvie are better than undead
(54:31 / Allies) hulaga: u got air dude
(54:43 / Allies) Turtle91: omg... i never knew they were there
(55:13 / Allies) Turtle91: guys leave a unit every place on this map
(55:41 / Allies) hulaga: HOW THE FUCK
(55:42 / Allies) DanteKamar: lol
(55:44 / All) DanteKamar: nice
(55:50 / All) hulaga: please explain
(55:51 / All) Turtle91: lmao... thats a nice hiding plze
(55:54 / All) dirtmcwordup: huh
(55:55 / All) Turtle91: place
(55:57 / All) BEAR_AND: i sit here & eat a pizza
(56:00 / All) BEAR_AND: would u like to come
(56:29 / All) BEAR_AND: take a bite
(56:30 / Allies) Turtle91: i told you GET MORE FIENDS!!!!!!!!
(56:33 / All) BEAR_AND: of teh OWNage pizza
(56:45 / Allies) DanteKamar: what happened? air?
(56:51 / Allies) Turtle91: they have a ton of crap up there
(57:00 / Allies) DanteKamar: such as?
(57:03 / Allies) Turtle91: dragonhawks and copters
(57:06 / Allies) Turtle91: plux heors
(58:06 / Allies) hulaga: where is my sige
(58:08 / Allies) hulaga: did they kill it
(58:09 / Allies) Turtle91: yeah
(58:10 / Allies) Turtle91: lol
(58:10 / Allies) DanteKamar: Yeah
(58:12 / Allies) hulaga: UGH
(58:13 / Allies) Turtle91: watch for blizzard
(58:36 / Allies) hulaga: how did they get there
(58:43 / Allies) DanteKamar: tp maybe
(58:49 / Allies) hulaga: ah
(58:55 / Allies) Turtle91: lol i have big bad voodoo
(59:51 / Allies) hulaga: well then
(59:55 / Allies) DanteKamar: get gods shit out of there damn it!
(60:01 / Allies) hulaga: air?
(60:01 / Allies) Turtle91: k
(60:23 / Allies) Turtle91: i have an idea
(60:29 / Allies) hulaga: FAERIE DRAGONS
(60:32 / Allies) hulaga: = ZAP MANA
(60:33 / Allies) Turtle91: dante get all your fiends
(60:41 / Allies) Turtle91: and put them near the edge, but no 2 close
(60:59 / Allies) Turtle91: i'll lure all their air 2 the edge with hiipps
(61:02 / Allies) Turtle91: u web everything
(61:24 / Allies) Turtle91: then i'll use big bad voodoo
(61:53 / Allies) Turtle91: hulaga
(62:21 / Allies) hulaga: 1 more hiyt
(62:42 / Allies) hulaga: who the fuck is control
(62:43 / Allies) hulaga: why
(63:17 / Allies) Turtle91: meat wagons??
(63:18 / Allies) Turtle91: now?
(64:12 / Allies) Turtle91: dante run
(64:13 / Allies) Turtle91: ran
(64:14 / Allies) Turtle91: run
(65:02 / Allies) Turtle91: hulaga give me money
(65:03 / Allies) Turtle91: for more chims
(65:20 / Allies) Turtle91: thx
(65:24 / Allies) Turtle91: fraries won't work
(65:42 / Allies) Turtle91: wanna whip out the wagons?
(66:12 / All) DanteKamar: This is totally gay.
(66:18 / All) BEAR_AND: bwa hahahahahahah
(66:26 / All) BEAR_AND: my cheque will bounce
(66:32 / All) BEAR_AND: and you will be out $25 ahhahahahahha
(66:33 / All) Turtle91: lmao
(67:06 / Allies) hulaga: what to get..
(67:10 / Allies) hulaga: chimes?
(67:13 / Allies) Turtle91: no
(67:15 / Allies) Turtle91: i've got them
(68:21 / Allies) Turtle91: dante get ur fiends ready incase of web
(68:29 / Allies) Turtle91: i don't want 2 lose these chims
(69:00 / Allies) DanteKamar: You got entangle hulaga?
(69:04 / Allies) hulaga: yes
(69:08 / Allies) Turtle91: ooo
(69:11 / Allies) Turtle91: trap one on the edge?
(69:20 / Allies) Turtle91: give dante unit control
(70:20 / Allies) Turtle91: hulaga give dante money for more fiends
(70:21 / Allies) DanteKamar: need a scout up there.
(70:52 / Allies) hulaga: haha i got an idea
(71:03 / Allies) hulaga: GO
(71:04 / Allies) hulaga: I ENtal
(71:36 / Allies) DanteKamar: use dragons with chimreas
(71:36 / Allies) Turtle91: ok
(71:39 / Allies) Turtle91: entangele
(71:50 / Allies) Turtle91: and voodoo
(72:18 / Allies) Turtle91: get entangle then bust out voodoo
(72:26 / Allies) hulaga: i got some towers
(73:04 / Allies) hulaga: i will never 4 AT agian
(73:18 / Allies) Turtle91: lol dante if we have 2 kill them like that, let it be so
(73:27 / All) BEAR_AND: 'let me in here'
(73:31 / All) BEAR_AND: 'fuck u'
(73:44 / Allies) Turtle91: give dante more money hulaga
(74:07 / Allies) Turtle91: keep doing it dante
(74:10 / Allies) Turtle91: its doing good
(74:19 / Allies) hulaga: bring siege
(74:21 / Allies) hulaga: when he comes to corner
(74:23 / Allies) hulaga: i will entgaqle
(74:34 / Allies) DanteKamar: close one
(74:55 / Allies) hulaga: STOp
(74:58 / Allies) hulaga: THE ARCHMAGE
(75:00 / Allies) hulaga: IS GONAN TP
(75:02 / Allies) hulaga: to the fucken pink
(75:04 / All) mata.: how u guys doin
(75:21 / Allies) hulaga: FIND PINK
(75:32 / Allies) hulaga: !!
(75:37 / Allies) DanteKamar: kill that now
(76:04 / Allies) Turtle91: fry her dante
(76:15 / Allies) hulaga: KILL IT FFS
(76:19 / Allies) hulaga: THEN WE CAN SEE THEM
(76:20 / Allies) DanteKamar: kill that bitch
(76:45 / Allies) hulaga: now we can see them
(76:46 / Allies) hulaga: in 2 mins
(77:14 / Allies) hulaga: why dotn we get dryiads..
(77:18 / Allies) hulaga: magic immine to blizzarD?
(78:23 / All) BEAR_AND: where's the beef
(78:32 / All) BEAR_AND: any of you guys want to 1v1 after this game
(78:37 / All) hulaga: MNO
(79:12 / All) dirtmcwordup: have u no honor
(79:39 / Allies) DanteKamar: bad idea orang
(80:03 / Allies) hulaga: sop
(80:10 / Allies) DanteKamar: don't clear trees for them
(82:16 / Allies) hulaga: i got an idea
(82:19 / Allies) hulaga: if we build towers around
(82:22 / Allies) hulaga: so taht she cannot blink
(82:24 / Allies) hulaga: and that
(82:29 / Allies) hulaga: blizzard cannot rech
(82:41 / Allies) DanteKamar: dumb whoever is controling the wryver
(83:12 / Allies) DanteKamar: Must stay out of nuke range!
(83:43 / Allies) Turtle91: orange give red money, red build more fiends
(84:03 / Allies) Turtle91: i'm gonna lure him 2 the edge then jump on him with entangel and chims and wyrms
(84:13 / All) BEAR_AND: bam
(84:15 / All) BEAR_AND: u die
(84:21 / All) BEAR_AND: ahahhahahah go to a grave!!!!!!!!!!
(84:44 / Allies) hulaga: FINALLY
(84:47 / All) Turtle91: Bam
(84:55 / Allies) hulaga: how is pink
(84:57 / Allies) hulaga: ggettdt drowsa
(85:11 / Allies) DanteKamar: look for buildings someweere
(86:38 / Allies) hulaga: well if he cant tp anywhere
(86:42 / Allies) DanteKamar: move them out!
(88:05 / Allies) Turtle91: ok guys co-ordinate
(88:11 / Allies) Turtle91: i'll entangle one of the AMs
(88:24 / Allies) Turtle91: dante hit him with ice...thingy.. and i'll jump on him with everything i have
(88:37 / Allies) Turtle91: when he does that again ok?
(88:49 / Allies) DanteKamar: yeah
(89:27 / Allies) Turtle91: p[ink gonna revive hero
(89:32 / Allies) hulaga: ok i am going to fail my quiz cause of them
(89:52 / Allies) DanteKamar: shit
(89:55 / Allies) hulaga: pink
(89:56 / Allies) hulaga: is gonan revive
(89:57 / Allies) Turtle91: NOW
(90:07 / Allies) Turtle91: wEB
(90:50 / Allies) hulaga: KIL TAURNE
(91:09 / Allies) Turtle91: damn it guys
(92:01 / All) BEAR_AND: how come you have whole map....and can't beat 1 lil corner.
(92:12 / Allies) DanteKamar: Be
(92:24 / All) DanteKamar: Because we cant' reach one little corner.
(92:31 / All) BEAR_AND: too fat??????????
(92:32 / All) mata.: air?
(92:36 / All) dirtmcwordup: LMFAO
(93:08 / Allies) hulaga: i have had enough
(93:17 / Allies) DanteKamar: wait, last idea
(93:18 / Allies) Turtle91: same, this is just stupid
(93:41 / Allies) DanteKamar: Give god enough gold to revive hero, then use ultimate
(93:53 / Allies) Turtle91: ok,,, do it
(94:05 / Allies) Turtle91: another 200 hulaga
(94:29 / Allies) Turtle91: hes coming... brb
(94:33 / Allies) hulaga: who
(94:38 / Allies) Turtle91: hero
(96:47 / Allies) Turtle91: alright guys, this is our last shot, or we all leave
(96:59 / Allies) Turtle91: if we leave, i'm getting of b.net right away
(97:11 / Allies) DanteKamar: You know what, we've already wreaked our airforce.
(97:30 / Allies) Turtle91: we still have hipps. thats good enough
(97:47 / Allies) DanteKamar: Even if we can take out their heros, and air force without damagae, we still can't take out those towers with what we got.
(97:56 / Allies) Turtle91: wagons..
(98:03 / Allies) DanteKamar: Won't reach
(98:13 / Allies) Turtle91: we can sure as hell try
(98:18 / Allies) Turtle91: hell, i'll keep my last chim alive
(98:21 / Allies) Turtle91: and orange still has money
(98:38 / Allies) DanteKamar: I could unsummon but still not enough.
(98:48 / Allies) Turtle91: we can still try..
(98:54 / Allies) DanteKamar: meh, alright
(99:02 / Allies) Turtle91: all stats on healing?
(99:07 / Allies) Turtle91: we need those fiends right away
(99:26 / Allies) DanteKamar: I'm ready.
(99:35 / Allies) Turtle91: same
(99:48 / Allies) DanteKamar: who's got gods stuff?
(99:51 / Allies) Turtle91: On your command Comrade General
(99:55 / Allies) Turtle91: i've got the hero
(100:02 / Allies) DanteKamar: You there hulaga?
(100:06 / Allies) hulaga: yes
(100:10 / Allies) DanteKamar: You ready?
(100:12 / Allies) Turtle91: use ur hipps
(100:13 / Allies) hulaga: for?
(100:18 / Allies) Turtle91: Final assualt
(100:22 / Allies) DanteKamar: one last attack with voodoo magic?
(100:24 / Allies) Turtle91: move all ur hipps in on three
(100:28 / Allies) Turtle91: yeah
(100:42 / Allies) DanteKamar: use heros too.
(100:43 / Allies) Turtle91: On your command..
(101:05 / All) DanteKamar: Hit here with SH
(101:12 / Allies) DanteKamar: We can get closest there.
(101:13 / All) BEAR_AND: ho
(101:14 / Allies) Turtle91: thx for saying that on all
(101:27 / Allies) Turtle91: ON your command dante.
(101:28 / Allies) DanteKamar: go
(101:50 / Allies) hulaga: ffs
(102:19 / Allies) hulaga: WTD ARE YU DOING"
(102:23 / Allies) DanteKamar: out
(102:38 / Allies) Turtle91: alright thats the end
(102:39 / Allies) Turtle91: i'm out guys
(102:48 / Allies) DanteKamar: we can try again when cool down
(102:53 / Allies) hulaga: oh i am not
(102:57 / Allies) hulaga: i am leaving my pc on
(103:04 / Allies) hulaga: WT FMAN
(103:07 / Allies) hulaga: U LEt me hero die
(103:22 / Allies) DanteKamar: thought you had it
(103:30 / Allies) Turtle91: same
(103:36 / All) mata.: how u guys doin
(103:39 / Allies) DanteKamar: well that sucks
(103:47 / All) mata.: bet u wish u took that paypal now
(104:03 / All) DanteKamar: You wouldn't have done it anyway.
(104:08 / All) BEAR_AND: i had paypal open
(104:17 / All) mata.: i waas on the fone with my bank
(104:18 / All) BEAR_AND: we need this win can u not see.
(104:39 / Allies) DanteKamar: You're damn lucky none of us have TP like you or have access to a goblin airship.
(104:52 / Allies) Turtle91: are we giving up guys?
(105:18 / Allies) DanteKamar: If we left our computers on over night they'd whitle us down anyway, so yeah.
(105:40 / All) DanteKamar: Its dead already
(105:44 / All) dirtmcwordup: Huh
(105:49 / All) DanteKamar: The bug
(105:51 / All) BEAR_AND: oh, that is nice
(105:54 / All) dirtmcwordup: ?
(105:55 / All) BEAR_AND: the bug hahahhahahhaha
(106:00 / All) Turtle91: Alright gents, you've got us. anyone who has the will to stay up there all night wants this win alot more than i do.
(106:08 / All) BEAR_AND: it's 8pm
(106:11 / All) dirtmcwordup: alright gents
(106:28 / All) DanteKamar: Maybe 8 when we started, 3 hours ago.
(106:32 / All) Turtle91: One thing first: Why the hell are you willing to sit up there?